AoeStats
← perromelocoton

Nomad

506404237Analyzed
2v2 RM · 18d ago on Sep 13, 2026· 31m 35s· 4 players
Game mode
Random Map
Map size
176×176
Population
200
Speed
Normal
Resources
Standard
Victory
Conquest
Starting age
Dark Age
Ending age
Imperial Age
RankedLock teamsTeams togetherTeam positionsShared explorationLock speedFull tech treeHidden civsTurbo modeCheats
Victory
Defeat
🇨🇦 Japanese · Canada
1124
+15
🇨🇦 Huns · Canada
1056
+18
🇵🇪 Mongols · Peru
1165
-20
🇪🇸 Gurjaras · Spain
1025
-13
Beaster
5:10 Loom
13:26 Feudal Age
15:22 Double-Bit Axe
18:46 Castle Age
18:16 Fletching
19:26 Padded Archer Armor
20:00 Bow Saw
19:54 Gold Mining
19:52 Crossbowman
22:38 Thumb Ring
23:40 Wheelbarrow
25:04 Bodkin Arrow
25:11 Pikeman
26:33 Medium Warships
27:14 Horse Collar
29:44 Leather Archer Armor
30:49 Elite Skirmisher
Karibou
3:37 Loom
12:58 Feudal Age
13:31 Double-Bit Axe
24:31 Castle Age
25:45 Fletching
26:21 Bloodlines
26:30 Bloodlines
26:24 Padded Archer Armor
26:57 Bow Saw
27:30 Bodkin Arrow
29:44 Wheelbarrow
perromelocoton
4:29 Loom
15:09 Feudal Age
15:36 Fishing Lines
15:53 Double-Bit Axe
21:47 Castle Age
21:49 Man-at-Arms
26:20 Fletching
28:41 Gillnets
30:47 Medium Warships
EL CHANCHO 3026
14:31 Feudal Age
19:20 Castle Age
17:06 Loom
17:08 Town Watch
17:58 Wheelbarrow
17:35 Gold Mining
19:53 Fletching
20:12 Double-Bit Axe
21:11 Bow Saw
23:27 Bodkin Arrow
25:04 Padded Archer Armor
28:40 Bloodlines
32:11 Medium Warships
Connection lost

Rejoining the realm…

Still unreachable

The connection could not be restored.

Session expired

The server has moved on; the page needs a fresh start.